Map: Dédale EC

Players

HoldTheDoor - Winner!

  • Race: Protoss Protoss
  • League: Diamond
  • Spawn Location: 1:00

Boulderdash

  • Race: Terran Terran
  • League: Diamond
  • Spawn Location: 7:00

VOD

Have the link to the VOD?

Description

Time

  • Played on: July 2, 2018, 11:19 a.m.
  • Length: 6:14
Show
View Real Time Build Order
Export as new Build Order

HoldTheDoor Protoss - Winner!

Build Orders:  

Get SALT Encoding   

  12  0:00  Probe  
  13  0:12  Probe  
  14  0:18  Pylon  
  14  0:25  Probe  
  15  0:34  Probe  
  15  0:38  Gateway  
  16  0:43  Probe  
  16  0:44  Assimilator  
  17  0:52  Probe  
  17  0:55  Assimilator  
  18  1:04  Probe  
  18  1:10  Gateway  
  19  1:16  Probe  
  20  1:25  Cybernetics Core  
  20  1:29  Probe  
  21  1:33  Pylon  
  21  1:41  Probe  
  22  1:53  Stalker x2, Probe, Pylon  
  23  2:05  Warp Gate  
  27  2:21  Stalker x2  
  31  2:35  Probe  
  32  2:42  Robotics Facility  
  32  2:47  Probe  
  33  2:59  Probe  
  32  3:23  Immortal  
  32  3:32  Pylon  
  36  3:36  Stargate  
  36  3:45  Nexus  
  36  3:48  Pylon  
  36  3:54  Probe  
  37  4:05  Observer  
  37  4:06  Probe  
  39  4:16  Shield Battery  
  39  4:18  Stalker, Probe  
  39  4:19  Pylon  
  39  4:21  Stalker  
  44  4:25  Immortal  
  48  4:46  Void Ray  
  48  4:50  Probe  
  53  4:58  Probe  
  58  5:07  Immortal  
  58  5:16  Zealot x2  
  62  5:24  Shield Battery  
  62  5:40  Probe  
  62  5:41  Probe  
  64  5:47  Zealot x2  
Show
View Real Time Build Order
Export as new Build Order

Boulderdash Terran 

Build Orders: Cyclone Opening 

Get SALT Encoding   

  12  0:01  SCV  
  13  0:15  Supply Depot  
  13  0:38  Barracks  
  13  0:39  Refinery  
  13  0:42  Refinery  
  13  1:16  Barracks  
  13  1:28  Factory  
  13  1:34  Barracks Reactor  
  13  1:40  SCV  
  14  2:06  Barracks Reactor  
  14  2:18  Orbital Command  
  14  2:20  Barracks Tech Lab  
  14  2:39  Cyclone  
  17  2:44  SCV  
  17  2:49  Concussive Shells  
  18  2:57  SCV  
  19  3:09  SCV  
  20  3:18  Marine x2  
  22  3:22  SCV  
  23  3:38  Supply Depot  
  23  3:43  Combat Shields  
  23  4:00  Cyclone x2  
  29  4:05  Supply Depot  
  29  4:13  Marauder  
  31  4:27  SCV, Marine x2  
  34  4:32  Cyclone  
  37  4:40  Marauder  
  39  4:48  Supply Depot  
  39  5:09  Marine x2, Cyclone  
  39  5:10  Supply Depot, Marauder  
  39  5:11  SCV  
  47  5:31  Marine  
  47  5:32  SCV, Marauder, Marine  
  52  5:36  Supply Depot  
  52  5:44  SCV  
  53  5:53  Marine x2  
  55  5:57  SCV  
Tags
 
Add a new tag
Caveats
  • Supply blocks, unpowered buildings, or Contaminate may cause inaccurate times.
  • Supply counts are checked every 10 seconds.